 Dungeon Crawl Stone Soup version 0.23.2-40-g277498a001 (webtiles) character file.

Game seed: 16586768601473604897

28506 Ivernyr the Thrower (level 13, -7/144 HPs)
             Began as an Ogre Hunter on Sept 27, 2019.
             Was a High Priest of Okawaru.
             Mangled by a six-headed hydra (13 damage)
             ... on level 5 of the Lair of Beasts on Oct 1, 2019.
             The game lasted 01:43:55 (20909 turns).

Ivernyr the Thrower (Ogre Hunter)                  Turns: 20909, Time: 01:43:57

Health: -7/144     AC:  7    Str: 19    XL:     13   Next: 39%
Magic:  19/20      EV: 23    Int: 12    God:    Okawaru [*****.]
Gold:   941        SH:  0    Dex: 16    Spells: 12/12 levels left

rFire    . . .     SeeInvis .   a - +2 dagger (venom)
rCold    . . .     Gourm    .   (no shield)
rNeg     . . .     Faith    .   H - +0 troll leather armour
rPois    +         Spirit   .   O - +0 hat "Kanusur" {Dex+3}
rElec    .         Reflect  .   e - +0 cloak
rCorr    .         Harm     .   (gloves unavailable)
MR       +....                  (boots unavailable)
Stlth    +++.......             P - amulet of regeneration
HPRegen  1.14/turn              w - ring of poison resistance
MPRegen  0.17/turn              C - +3 ring of evasion (curse)

@: heroism
A: large, unfitting armour, tough skin 1
a: Heroism, Finesse, Renounce Religion


You were on level 5 of the Lair of Beasts.
You worshipped Okawaru.
Okawaru was extremely pleased with you.
You were not hungry.

You visited 3 branches of the dungeon, and saw 17 of its levels.

You collected 996 gold pieces.
You spent 55 gold pieces at shops.

Inventory:

Hand Weapons
 a - a +2 dagger of venom (weapon)
Missiles
 x - 6 needles of confusion
 G - 3 large rocks (quivered)
 L - 7 needles of frenzy
Armour
 e - a +0 cloak (worn)
 H - a +0 troll leather armour (worn)
 O - the +0 hat "Kanusur" (worn) {Dex+3}
   (Okawaru gifted it to you on level 2 of the Lair of Beasts)

   It affects your dexterity (+3).
Jewellery
 c - a +2 ring of protection
 w - a ring of poison resistance (left hand)
 y - an uncursed ring of protection from fire
 C - a cursed +3 ring of evasion (right hand)
 E - an uncursed ring of protection from cold
 F - an uncursed ring of magical power
 P - an amulet of regeneration (around neck)
 Q - an uncursed amulet of magic regeneration {unknown}
Wands
 d - a wand of disintegration (12)
 i - a wand of random effects (31)
 u - a wand of acid (29)
 J - a wand of clouds (6)
 N - a wand of iceblast (21)
Scrolls
 g - 4 scrolls of magic mapping
 j - 3 scrolls of amnesia
 k - 6 scrolls of identify
 l - 2 scrolls of brand weapon {unknown}
 m - 5 scrolls of remove curse
 n - 2 scrolls of enchant weapon {unknown}
 p - 3 scrolls of enchant armour
 q - 2 scrolls of blinking {unknown}
 r - 7 scrolls of teleportation
 A - 2 scrolls of torment {unknown}
 D - a scroll of acquirement {unknown}
 M - 3 scrolls of fog {unknown}
Potions
 b - a potion of magic {unknown}
 h - 2 potions of ambrosia {unknown}
 o - 2 potions of curing
 t - a potion of mutation {unknown}
 v - 2 potions of flight {unknown}
 z - 2 potions of resistance {unknown}
 B - a potion of brilliance {unknown}
 I - a potion of invisibility {unknown}
 K - 3 potions of degeneration {unknown}
 T - 2 potions of might {unknown}
Comestibles
 f - 11 rations


   Skills:
 + Level 13.1(18.1) Fighting
 * Level 14.4(19.4) Throwing
 + Level 9.6(14.6) Dodging
 - Level 0.6(5.6) Stealth
 + Level 10.5 Invocations


You had 12 spell levels left.
You didn't know any spells.
Your spell library contained the following spells:

 Spells                   Type           Power        Failure   Level  Hunger
 Magic Dart               Conj           #...         36%         1    ##.....
 Blink                    Tloc           N/A          50%         2    ###....
 Call Imp                 Summ           #.......     50%         2    ###....
 Slow                     Hex            #.......     50%         2    ###....
 Conjure Flame            Conj/Fire      #.......     75%         3    ####...
 Mephitic Cloud           Conj/Pois/Air  #.......     75%         3    ####...


Dungeon Overview and Level Annotations

Branches:
Dungeon (10/15)            Temple (1/1) D:4            Lair (6/6) D:8
  Swamp (0/4) Lair:4        Snake (0/4) Lair:3        Slime (0/5) Lair:5
    Orc (0/2) D:9

Altars:
Elyvilon
Fedhas
Okawaru
Qazlal
Sif Muna
Uskayaw
Jiyva

Shops:
D:4 ?   D:9 ([?   D:10 *

Annotations:
D:8 3 runed translucent doors, Quickbrownfox's ghost, novice OpAs


Innate Abilities, Weirdness & Mutations

You are too large for most types of armour.
You have tough skin. (AC +1)


Message History

Aim: a six-headed hydra (moderately wounded)
You throw a large rock.
The large rock hits the six-headed hydra!!
The six-headed hydra is heavily wounded.
The six-headed hydra misses you. The six-headed hydra bites you!
* * * LOW HITPOINT WARNING * * *
The six-headed hydra completely misses you.
The six-headed hydra bites you but does no damage.
The six-headed hydra misses you. The six-headed hydra barely misses you.
Throwing (i - inventory)
G - 4 large rocks (quivered)
Press: ? - help, Shift-Dir - straight line, f/p - six-headed hydra
Aim: a six-headed hydra (heavily wounded)
You throw a large rock.
The large rock barely misses the six-headed hydra.
The six-headed hydra bites you but does no damage.
The six-headed hydra bites you!
* * * LOW HITPOINT WARNING * * *
The six-headed hydra bites you but does no damage.
The six-headed hydra bites you!
You die...

##..........# #P..........####
##...........#P#########
###............#.P#..#.
#.........P.........#
##.................##
##.............#####
#P..............###
##.#@.............# #####
#P..D....>........# #.#.###
###.>.............## ##....#
#P.................## ##..###
###................#.#
##..#.###..>................##
#.....#P............[.......#
######.#...#....(............##
.#P.#....#..##............#.##


You could see a six-headed hydra.

Vanquished Creatures
  Erolcha (D:9)
  Harold (Lair:2)
  6 hydras
  2 two-headed ogres (D:8)
  Nergalle (Lair:2)
  Maurice (D:9)
  2 black mambas
  Joseph (D:9)
  14 spiny frogs
  3 komodo dragons
  2 trolls (D:10)
  2 polar bears
  2 hornets
  10 blink frogs
  5 hippogriffs
  A spriggan (D:7)
  A basilisk (Lair:5)
  2 wyverns
  16 yaks
  Grum (D:9)
  A hungry ghost (D:7)
  A steam dragon (D:9)
  2 nagas (Lair:3)
  7 porcupines
  9 water moccasins
  3 orc warriors
  A hornet zombie (D:9)
  2 ice beasts
  A phantom (D:8)
  A sky beast (D:8)
  A black bear (D:10)
  17 wolves
  An ogre (D:7)
  3 centaurs
  12 crocodiles
  9 bullfrogs
  A wyvern skeleton (D:9)
  A scorpion (D:4)
  8 wights
  3 howler monkeys
  2 crimson imps
  2 bullfrog zombies
  2 orc priests
  A gnoll shaman (D:8)
  3 hounds (D:6)
  2 bullfrog skeletons
  2 centaur skeletons
  14 orc wizards
  An iguana (D:10)
  9 worker ants
  A hound zombie (D:10)
  A howler monkey zombie (D:8)
  A worker ant zombie (D:9)
  5 gnolls
  6 adders
  2 shadow imps
  3 adder zombies
  2 adder skeletons
  4 worms
  A dart slug (D:1)
  6 leopard geckos
  35 orcs
  7 giant cockroaches
  10 hobgoblins
  14 jackals
  8 quokkas
  3 ball pythons
  A ball python skeleton (D:4)
  6 bats
  10 frilled lizards
  8 goblins
  A jackal skeleton (D:4)
  8 kobolds
  A leopard gecko skeleton (D:4)
  2 quokka skeletons (D:9)
  8 rats
350 creatures vanquished.

Vanquished Creatures (others)
  A hound (D:9)
  An orc wizard (D:9)
  3 fungi
  4 plants
9 creatures vanquished.

Grand Total: 359 creatures vanquished

Notes
Turn   | Place    | Note
-------+----------+-------------------------------------------
     0 | D:1      | Ivernyr the Ogre Hunter began the quest for the Orb.
     0 | D:1      | Reached XP level 1. HP: 22/22 MP: 1/1
   463 | D:1      | Reached XP level 2. HP: 25/29 MP: 2/2
  1107 | D:1      | Reached XP level 3. HP: 37/37 MP: 3/3
  1526 | D:2      | Reached XP level 4. HP: 40/46 MP: 4/4
  1828 | D:2      | Reached skill level 5 in Throwing
  2138 | D:3      | Found a blossoming altar of Fedhas.
  2330 | D:3      | Reached XP level 5. HP: 54/54 MP: 5/5
  3006 | D:4      | Found Huxonies's Magic Scroll Boutique.
  3044 | D:4      | Reached XP level 6. HP: 5/63 MP: 6/6
  3050 | D:4      | HP: 3/63 [orc/+0 dagger (3)]
  3607 | D:4      | Bought a scroll of identify for 22 gold pieces
  3607 | D:4      | Bought a scroll of remove curse for 33 gold pieces
  3685 | D:4      | Reached skill level 6 in Throwing
  3975 | D:4      | Found a staircase to the Ecumenical Temple.
  4013 | Temple   | Entered the Ecumenical Temple
  4017 | Temple   | Became a worshipper of Warmaster Okawaru
  4101 | D:4      | Reached skill level 5 in Fighting
  4561 | D:5      | Entered Level 5 of the Dungeon
  4561 | D:5      | Noticed an ice beast
  4563 | D:5      | Killed an ice beast
  4563 | D:5      | Reached skill level 1 in Invocations
  4563 | D:5      | Reached XP level 7. HP: 72/72 MP: 7/7
  4966 | D:5      | Found a hide-covered altar of Uskayaw.
  5109 | D:5      | Noticed a +0 hand axe
  5109 | D:5      | Noticed a +0 hand axe
  6098 | D:6      | Reached skill level 7 in Throwing
  6332 | D:6      | Reached * piety under Okawaru
  6479 | D:6      | Reached XP level 8. HP: 46/83 MP: 9/9
  7341 | D:6      | Found a deep blue altar of Sif Muna.
  7567 | D:7      | Reached ** piety under Okawaru
  7567 | D:7      | Reached skill level 8 in Throwing
  7598 | D:7      | Noticed a spriggan baker
  7608 | D:7      | Killed a spriggan baker
  7919 | D:7      | Reached skill level 5 in Dodging
  7919 | D:7      | Reached XP level 9. HP: 60/93 MP: 12/12
  8178 | D:7      | Noticed a hornet
  8182 | D:7      | Killed a hornet
  8758 | D:7      | Reached skill level 9 in Throwing
  9230 | D:7      | Reached *** piety under Okawaru
  9579 | D:8      | Noticed a two-headed ogre
  9600 | D:8      | Killed a two-headed ogre
  9600 | D:8      | Reached **** piety under Okawaru
  9600 | D:8      | Reached skill level 5 in Invocations
  9809 | D:8      | Reached XP level 10. HP: 42/106 MP: 14/14
 10171 | D:8      | Found a runed translucent gate.
 10172 | D:8      | Found a runed translucent gate.
 10173 | D:8      | Found a runed translucent gate.
 10175 | D:8      | Found a viscous altar of Jiyva.
 10175 | D:8      | Noticed Quickbrownfox's ghost (novice OpAs)
 10182 | D:8      | Noticed a two-headed ogre
 10203 | D:8      | Killed a two-headed ogre
 10203 | D:8      | Received a gift from Okawaru
 10203 | D:8      | Reached skill level 10 in Throwing
 10566 | D:8      | Found a staircase to the Lair.
 10876 | D:9      | Noticed Grum
 10897 | D:8      | Received a gift from Okawaru
 11532 | D:9      | Killed Grum
 11946 | D:9      | Noticed Maurice
 11951 | D:9      | Killed Maurice
 11953 | D:9      | Noticed Erolcha
 11975 | D:9      | Killed Erolcha
 11975 | D:9      | Received a gift from Okawaru
 11975 | D:9      | Reached skill level 10 in Fighting
 11975 | D:9      | Reached skill level 11 in Throwing
 11975 | D:9      | Noticed Joseph
 12298 | D:9      | Reached XP level 11. HP: 103/117 MP: 16/16
 12878 | D:9      | Found Qaylomen's Weapon Emporium.
 12878 | D:9      | Found a staircase to the Orcish Mines.
 12878 | D:9      | Found Haega's Armour Emporium.
 12930 | D:9      | Found Worikhea's Magic Scroll Shoppe.
 13014 | D:9      | Killed Joseph
 13224 | D:10     | Entered Level 10 of the Dungeon
 13289 | D:10     | Received a gift from Okawaru
 14531 | D:10     | Found Ulloemet's Assorted Antiques.
 14916 | Lair:1   | Entered Level 1 of the Lair of Beasts
 15287 | Lair:1   | Received a gift from Okawaru
 15287 | Lair:1   | Reached skill level 12 in Throwing
 15412 | Lair:1   | Noticed a four-headed hydra
 15436 | Lair:1   | Killed a four-headed hydra
 15436 | Lair:1   | Reached ***** piety under Okawaru
 15976 | Lair:2   | Received a gift from Okawaru
 16133 | Lair:2   | Noticed Harold
 16143 | Lair:2   | Killed Harold
 16143 | Lair:2   | Received a gift from Okawaru
 16228 | Lair:2   | Noticed a four-headed hydra
 16233 | Lair:2   | Killed a four-headed hydra
 16242 | Lair:2   | Reached XP level 12. HP: 130/130 MP: 18/18
 16255 | Lair:2   | Noticed a six-headed hydra
 16258 | Lair:2   | Killed a six-headed hydra
 16315 | Lair:2   | Received a gift from Okawaru
 16327 | Lair:2   | Got a transparent hat {god gift}
 16333 | Lair:2   | Identified the +0 hat "Kanusur" {Dex+3} (Okawaru gifted it
                  | to you on level 2 of the Lair of Beasts)
 16853 | Lair:3   | Noticed Nergalle
 16862 | Lair:2   | Killed Nergalle
 16898 | Lair:2   | Reached skill level 13 in Throwing
 17525 | Lair:3   | Found a staircase to the Snake Pit.
 18153 | Lair:4   | Noticed a six-headed hydra
 18165 | Lair:4   | Killed a six-headed hydra
 18188 | Lair:4   | Noticed a six-headed hydra
 18196 | Lair:4   | Killed a six-headed hydra
 18822 | Lair:4   | Reached XP level 13. HP: 88/141 MP: 20/20
 18846 | Lair:4   | Found a staircase to the Swamp.
 18904 | Lair:4   | Reached skill level 10 in Invocations
 19522 | Lair:4   | Received a gift from Okawaru
 19543 | Lair:4   | Reached skill level 14 in Throwing
 19816 | Lair:5   | Received a gift from Okawaru
 20010 | Lair:5   | Found a staircase to the Slime Pits.
 20823 | Lair:6   | Entered Level 6 of the Lair of Beasts
 20909 | Lair:5   | HP: 6/144 [six-headed hydra (8)]
 20909 | Lair:5   | Mangled by a six-headed hydra

Skill      XL: |  1  2  3  4  5  6  7  8  9 10 11 12 13 |
---------------+----------------------------------------+-----
Dodging        | 2 3 4 5 6 7 8 9 |  9.6
Fighting       | 3 4 5 6 7 8 10 11 12 13 | 13.1
Throwing       | 5 6 7 8 9 11 12 13 14 | 14.4
Invocations    | 1 2 4 5 7 8 9 10 | 10.5
Stealth        | |  0.6

Action                   |  1- 3 |  4- 6 |  7- 9 | 10-12 | 13-15 || total
-------------------------+-------+-------+-------+-------+-------++-------
Melee: Short sword       |    37 |       |       |       |       ||    37
       Dagger            |    45 |   223 |   377 |   672 |   185 ||  1502
       Punch             |       |       |       |     2 |       ||     2
Throw: Large rock        |       |     7 |    30 |   160 |    53 ||   250
       Throwing net      |       |       |     1 |     2 |       ||     3
       Tomahawk          |       |       |       |    25 |    22 ||    47
       Javelin           |       |       |       |     9 |       ||     9
Invok: Heroism           |       |       |     1 |    16 |     2 ||    19
  Use: Scroll            |       |       |     1 |    16 |       ||    17
       Potion            |       |       |       |     1 |     4 ||     5
 Stab: Sleeping          |     4 |    14 |     1 |       |       ||    19
       Held in net/web   |       |       |       |     1 |       ||     1
  Eat: Chunk             |     2 |     9 |    10 |    19 |     4 ||    44
       Ration            |       |       |     4 |     3 |     1 ||     8
Armor: Robe              |    24 |    39 |    88 |    33 |       ||   184
       Steam dragon scal |       |       |       |    50 |       ||    50
       Troll leather arm |       |       |       |    76 |    48 ||   124
Dodge: Dodged            |    43 |   108 |   237 |   767 |   323 ||  1478
